 Dungeon Crawl Stone Soup version 0.24.1-8-ga250c9d538 (webtiles) character file.

Game seed: 720703948436185009, levelgen mode: deterministic

2140 Hugehornet the Martial Artist (level 9, -3/53 HPs)
             Began as an Octopode Transmuter on May 5, 2020.
             Was a Priest of Cheibriados.
             Slain by a bullfrog (7 damage)
             ... on level 8 of the Dungeon on May 6, 2020.
             The game lasted 00:24:27 (9778 turns).

Hugehornet the Martial Artist (Octopode Transmuter) Turns: 9778, Time: 00:24:28

Health: -3/53      AC:  1    Str: 16    XL:     9   Next: 30%
Magic:  12/15      EV: 14    Int: 26    God:    Cheibriados [***...]
Gold:   316        SH:  0    Dex: 19    Spells: 0/16 levels left

rFire    . . .     SeeInvis .     - Unarmed
rCold    . . .     Gourm    .   (no shield)
rNeg     . . .     Faith    .   (helmet restricted)
rPois    .         Spirit   .   (no amulet)
rElec    .         Reflect  .   (no ring)
rCorr    .         Harm     .   (no ring)
MR       .....                  (no ring)
Stlth    +++.......             (no ring)
HPRegen  0.17/turn              (no ring)
MPRegen  0.14/turn              (no ring)
                                (no ring)
                                (no ring)

@: very slow
A: almost no armour, stealthy swim, amphibious, 8 rings, constrict 8, camouflage
1, gelatinous body 1
a: Bend Time, Temporal Distortion, Renounce Religion


You were on level 8 of the Dungeon.
You worshipped Cheibriados.
Cheibriados was most pleased with you.
You were near starving.

You visited 2 branches of the dungeon, and saw 9 of its levels.

You collected 316 gold pieces.

Inventory:

Missiles
 a - 80 arrows
Armour
 r - a +0 buckler
 s - a +0 buckler
Wands
 m - a wand of scattershot (3)
 p - a wand of clouds (8)
 y - a wand of polymorph (7)
Scrolls
 b - 2 scrolls of teleportation
 e - 2 scrolls of identify
 f - a scroll of amnesia {unknown}
 h - a scroll of noise {unknown}
 i - 3 scrolls of fear {unknown}
 j - a scroll of fog {unknown}
 n - 3 scrolls of enchant armour {unknown}
 t - a scroll of immolation {unknown}
 v - 2 scrolls of enchant weapon
 w - a scroll of acquirement {unknown}
 x - a scroll of remove curse {unknown}
Potions
 d - 5 potions of flight
 g - a potion of magic
 k - a potion of curing
 l - 2 potions of might {unknown}
 o - 2 potions of heal wounds {unknown}
 q - a potion of haste {unknown}
 u - a potion of agility {unknown}
Comestibles
 c - 3 rations


   Skills:
 - Level 1.0 Fighting
 - Level 2.0 Dodging
 + Level 8.3 Unarmed Combat
 - Level 4.0 Spellcasting
 - Level 1.1 Hexes
 * Level 6.8 Transmutations
 - Level 3.3 Ice Magic
 - Level 1.0 Poison Magic
 - Level 3.0 Invocations


You couldn't memorise any spells.
You knew the following spells:

 Your Spells              Type           Power        Failure   Level  Hunger
a - Beastly Appendage     Tmut           #####.       1%          1    None
b - Sticks to Snakes      Tmut           #####...     1%          2    None
c - Spider Form           Tmut/Pois      ####......   4%          3    ##.....
d - Confusing Touch       Hex            ##....       5%          1    None
e - Ice Form              Ice/Tmut       ####....     11%         4    ####...
f - Blade Hands           Tmut           #####.....   14%         5    #####..

Your spell library contained the following spells:

 Spells                   Type           Power        Failure   Level  Hunger
 Confuse                  Hex            ##......     16%         3    ##.....
 Petrify                  Tmut/Erth      ###.....     21%         4    ####...
 Gell's Gravitas          Tloc           #.........   26%         3    ##.....
 Yara's Violent Unravell  Hex/Tmut       ####......   41%         5    #####..
 Metabolic Englaciation   Hex/Ice        ###.......   67%         5    #####..


Dungeon Overview and Level Annotations

Branches:
Dungeon (8/15)             Temple (1/1) D:4
   Lair: D:8-11

Altars:
Ashenzari
Cheibriados
Dithmenos
Fedhas
Gozag
Kikubaaqudgha
Makhleb
Nemelex Xobeh
Okawaru
Qazlal
Ru
Sif Muna
Vehumet
Wu Jian
Xom
Zin

Shops:
D:7 =

Annotations:
D:3 2 transporters, Jaiteiro's ghost, amateur GnFi
D:4 3 runed translucent doors, care89's ghost, novice TrFi
D:7 2 transporters


Innate Abilities, Weirdness & Mutations

You cannot wear most types of armour.
You are very stealthy in the water. (Stealth+)
You are amphibious.
You can wear up to eight rings at the same time.
You can use your tentacles to constrict eight enemies at once.
Your skin changes colour to match your surroundings (Stealth+).
Your rubbery body absorbs attacks. (AC +1, EV +1)


Message History

You hit the hippogriff but do no damage.
The hippogriff appears confused.
The hippogriff is almost dead.
Okay, then.
Unknown command.
It was a potion of curing.
You feel better.
You kill the hippogriff!
Cheibriados thoroughly appreciates the change of pace.
You barely miss the bullfrog. The bullfrog misses you.
You completely miss the bullfrog. The bullfrog barely misses you.
The bullfrog completely misses you.
You hit the bullfrog.
The bullfrog is poisoned.
The bullfrog is lightly wounded.
The bullfrog hits you!
* * * LOW HITPOINT WARNING * * *
You hit the bullfrog.
The bullfrog looks even sicker.
The bullfrog is moderately wounded.
Your transformation has ended.
The bullfrog hits you!
You die...

# .## ...# ####
#..## #########..#
#.....
##..##..#...##......
#..........@#.......
#...........F.......
##.................#
#.......##........#
###.....#........##
#.#.........#..#
####........#....
##......... ##.
#.........##


You could see a bullfrog.

Vanquished Creatures
  A hippogriff (D:8)
  3 phantoms
  An ogre (D:4)
  3 centaurs
  3 bullfrogs (D:6)
  A water moccasin zombie (D:5)
  4 scorpions
  A howler monkey (D:4)
  3 crimson imps
  A centaur zombie (D:8)
  2 hounds (D:5)
  3 orc priests
  4 orc wizards
  2 bullfrog skeletons
  3 iguanas
  2 worker ants
  2 worker ant zombies (D:5)
  8 adders
  A shadow imp (D:7)
  An adder zombie (D:6)
  4 dart slugs
  4 leopard geckos
  22 orcs
  A ball python (D:1)
  15 bats
  9 giant cockroaches
  5 goblins
  6 hobgoblins
  10 jackals
  6 kobolds
  2 quokkas
  6 frilled lizards
  2 leopard gecko skeletons (D:5)
  2 quokka skeletons
  4 rats
147 creatures vanquished.

Vanquished Creatures (collateral kills)
  An ice beast (D:6)
1 creature vanquished.

Grand Total: 148 creatures vanquished

Notes
Turn   | Place    | Note
-------+----------+-------------------------------------------
     0 | D:1      | Hugehornet the Octopode Transmuter began the quest for the
                  | Orb.
     0 | D:1      | Reached XP level 1. HP: 13/13 MP: 3/3
    66 | D:1      | Reached XP level 2. HP: 11/18 MP: 3/5
    70 | D:1      | Learned a level 2 spell: Sticks to Snakes
   506 | D:1      | Reached XP level 3. HP: 20/23 MP: 4/6
   511 | D:1      | Learned a level 3 spell: Spider Form
  1117 | D:2      | Reached skill level 1 in Poison Magic
  1117 | D:2      | Reached XP level 4. HP: 12/28 MP: 5/7
  1449 | D:2      | You fall into a shaft and drop 1 floor!
  1558 | D:3      | Found a stormy altar of Qazlal.
  1570 | D:3      | Found a transporter.
  1570 | D:3      | Noticed Jaiteiro's ghost (amateur GnFi)
  1574 | D:3      | Found a transporter.
  2600 | D:3      | Reached skill level 4 in Unarmed Combat
  2600 | D:3      | Reached XP level 5. HP: 30/33 MP: 4/8
  3479 | D:4      | Found a staircase to the Ecumenical Temple.
  3486 | Temple   | Entered the Ecumenical Temple
  3506 | Temple   | Became a worshipper of Cheibriados the Contemplative
  3538 | D:4      | Reached skill level 5 in Transmutations
  3538 | D:4      | Reached XP level 6. HP: 34/38 MP: 5/9
  3642 | D:4      | Found a runed translucent gate.
  3642 | D:4      | Found a runed translucent gate.
  3642 | D:4      | Found a runed translucent gate.
  3651 | D:4      | Reached skill level 5 in Unarmed Combat
  3652 | D:4      | Noticed care89's ghost (novice TrFi)
  3833 | D:4      | Learned a level 1 spell: Confusing Touch
  4099 | D:4      | Found a shadowy altar of Dithmenos.
  4099 | D:4      | Noticed a phantom
  4473 | D:4      | Noticed a phantom
  4525 | D:4      | Killed a phantom
  4525 | D:4      | Reached skill level 1 in Hexes
  4525 | D:4      | Reached skill level 1 in Invocations
  4525 | D:4      | Reached XP level 7. HP: 14/43 MP: 7/10
  5172 | D:5      | Entered Level 5 of the Dungeon
  5235 | D:5      | Reached * piety under Cheibriados
  5317 | D:5      | Learned a level 4 spell: Ice Form
  5373 | D:5      | Reached skill level 6 in Unarmed Combat
  5373 | D:5      | Reached skill level 1 in Ice Magic
  5391 | D:5      | Reached XP level 8. HP: 33/48 MP: 9/13
  6778 | D:6      | Reached ** piety under Cheibriados
  6839 | D:6      | Reached skill level 7 in Unarmed Combat
  7763 | D:6      | Reached XP level 9. HP: 53/53 MP: 12/15
  7770 | D:6      | Learned a level 5 spell: Blade Hands
  7871 | D:7      | Found a transporter.
  8260 | D:7      | Noticed a yaktaur
  8261 | D:7      | Found a shimmering altar of Xom.
  8265 | D:7      | Found a transporter.
  8580 | D:7      | Reached *** piety under Cheibriados
  8580 | D:7      | Reached skill level 8 in Unarmed Combat
  8788 | D:7      | Found Alurphiopny's Jewellery Boutique.
  9771 | D:8      | HP: 1/53 [hippogriff (3)]
  9778 | D:8      | Slain by a bullfrog

Levels and vault maps discovered:
D:1:      nzn_arrival_depleted_hourglass, layout_basic
D:2:      layout_basic, minmay_domino_2
D:3:      layout_basic, gammafunk_ghost_arena, nicolae_qazlal_general_emergency
D:4:      layout_basic, minmay_temple_entry_overgrown,
          ebering_ghost_rock_garden, first_ration, grunt_dithmenos_shadows
D:5:      layout_basic
D:6:      layout_gridville
D:7:      layout_layer_cave, gammafunk_temple_overflow_arena, serial_shops,
          nicolae_shop_behind_doors
D:8:      layout_cave_pools
Temple:   nicolae_temple_the_god_donut

Skill      XL: |  1  2  3  4  5  6  7  8  9 |
---------------+----------------------------+-----
Transmutations | 3 4 5 6 |  6.8
Poison Magic   | 1 |  1.0
Unarmed Combat | 4 5 6 7 8 |  8.3
Hexes          | 1 |  1.1
Invocations    | 1 3 |  3.0
Spellcasting   | 3 4 |  4.0
Ice Magic      | 1 3 |  3.3
Fighting       | |  1.0
Dodging        | |  2.0

Action                   |  1- 3 |  4- 6 |  7- 9 || total
-------------------------+-------+-------+-------++-------
Melee: Unarmed           |    87 |   136 |   236 ||   459
       Constrict         |    25 |    21 |    28 ||    74
       Kick              |    15 |    21 |    43 ||    79
       Tentacles         |    10 |    19 |    33 ||    62
       Punch             |       |     3 |     4 ||     7
 Cast: Beastly Appendage |    21 |    23 |    27 ||    71
       Spider Form       |     1 |     6 |    17 ||    24
       Confusing Touch   |       |     5 |    12 ||    17
       Sticks to Snakes  |       |     2 |     2 ||     4
       Blade Hands       |       |       |     2 ||     2
 Abil: End Transformatio |       |       |     1 ||     1
  Use: Scroll            |     2 |     3 |       ||     5
       Potion            |       |       |     1 ||     1
 Stab: Sleeping          |     7 |     2 |       ||     9
       Confused          |       |     2 |     3 ||     5
       Distracted        |       |       |     1 ||     1
  Eat: Chunk             |     1 |    10 |     5 ||    16
       Ration            |       |     1 |     1 ||     2
Armor: Skin              |    11 |     9 |     8 ||    28
Dodge: Dodged            |    65 |    81 |   145 ||   291
